[Event "15th Golden Prague Rapid Open"]
[Site "Prague"]
[Date "2019.06.30"]
[Round "6.2"]
[White "Rydl, Jiri"]
[Black "Benes, Petr"]
[Result "1-0"]
[ECO "A36"]
[WhiteElo "2422"]
[BlackElo "2103"]
[Annotator "NA"]
[PlyCount "85"]
[EventDate "2019.06.30"]
[EventType "swiss"]
[EventCountry "CZE"]
[SourceTitle "playchess.com"]
[Source "ChessBase"]
[SourceQuality "1"]
[TimeControl "720+3"]

1. c4 Nf6 2. g3 e5 3. Bg2 c5 4. Nc3 Nc6 5. d3 d6 6. Bg5 h6 7. Bxf6 Qxf6 8. e3 g5 9. h3 Bg7 10. Nge2 O-O 11. g4 h5 12. Ng3 h4 13. Nge4 Qd8 14. Qd2 a6 15. a3 Rb8 16. Rb1 Be6 17. b4 cxb4 18. axb4 Re8 19. b5 axb5 20. Rxb5 Na7 21. Rb2 Bf8 22. O-O Be7 23. Rfb1 Qd7 24. Rxb7 Rxb7 25. Rxb7 Qxb7 26. Nf6+ Bxf6 27. Bxb7 Rb8 28. Bd5 Nc8 29. Qa2 Bd8 30. c5 Bxd5 31. Qxd5 Bc7 32. Ne4 Ne7 33. Qa2 dxc5 34. Nxg5 Rf8 35. Qa7 Bd8 36. Qxc5 Ng6 37. Ne4 Be7 38. Qc6 Kg7 39. d4 exd4 40. exd4 Rb8 41. d5 Nf4 42. d6 Nxh3+ 43. Kh2 1-0

[Event "15th Golden Prague Rapid Open"]
[Site "Prague"]
[Date "2019.06.30"]
[Round "6.3"]
[White "Burdik, Lubomir"]
[Black "Netusil, Miloslav"]
[Result "1/2-1/2"]
[ECO "A51"]
[WhiteElo "2132"]
[BlackElo "2189"]
[Annotator "NA"]
[PlyCount "117"]
[EventDate "2019.06.30"]
[EventType "swiss"]
[EventCountry "CZE"]
[SourceTitle "playchess.com"]
[Source "ChessBase"]
[SourceQuality "1"]
[TimeControl "720+3"]

1. d4 Nf6 2. c4 e5 3. dxe5 Ne4 4. Nd2 Nc5 5. Nb3 Nxb3 6. axb3 Nc6 7. Nf3 Bb4+ 8. Bd2 Bxd2+ 9. Qxd2 Qe7 10. e3 Nxe5 11. Nxe5 Qxe5 12. Be2 O-O 13. O-O d6 14. Bf3 a6 15. Ra5 Qf6 16. Qc3 Qxc3 17. bxc3 Rb8 18. h3 b6 19. Ra3 Be6 20. Rxa6 b5 21. cxb5 Bxb3 22. Bc6 Bc4 23. Rb1 Rb6 24. Ra7 Rfb8 25. Rxc7 g6 26. Ra1 Bxb5 27. Bxb5 Rxb5 28. Raa7 Rf5 29. g4 Rb1+ 30. Kg2 Rf6 31. f4 h6 32. h4 g5 33. hxg5 hxg5 34. f5 Re1 35. Kf2 Rh1 36. Rd7 Rh2+ 37. Kg3 Rfh6 38. Kf3 Rf6 39. Ra6 Rh3+ 40. Ke4 Rg3 41. Rdxd6 Rxg4+ 42. Ke5 Rxd6 43. Rxd6 Rc4 44. Rd3 Kg7 45. Kd5 Rc8 46. Rd4 Rxc3 47. Ke4 Rc8 48. Ra4 Re8+ 49. Kf3 Kf6 50. e4 Rh8 51. Ra6+ Kg7 52. Kg4 Rh4+ 53. Kxg5 Rxe4 54. f6+ Kh7 55. Ra1 Re5+ 56. Kf4 Rb5 57. Rg1 Rb4+ 58. Kf5 Rb5+ 59. Kf4 1/2-1/2

[Event "15th Golden Prague Rapid Open"]
[Site "Prague"]
[Date "2019.06.30"]
[Round "6.4"]
[White "Vavrinec, Tomas"]
[Black "Nedoma, Marek"]
[Result "0-1"]
[ECO "A37"]
[WhiteElo "1994"]
[BlackElo "1984"]
[Annotator "NA"]
[PlyCount "88"]
[EventDate "2019.06.30"]
[EventType "swiss"]
[EventCountry "CZE"]
[SourceTitle "playchess.com"]
[Source "ChessBase"]
[SourceQuality "1"]
[TimeControl "720+3"]

1. c4 c5 2. Nc3 Nc6 3. Nf3 g6 4. g3 Bg7 5. Bg2 e6 6. O-O Nge7 7. d4 cxd4 8. Nb5 O-O 9. Nbxd4 d5 10. cxd5 Nxd5 11. Nxc6 bxc6 12. Bg5 Qb6 13. Rb1 h6 14. Bd2 a5 15. e4 Nf6 16. Qc2 Ba6 17. Be3 Qb7 18. Rfd1 Rfd8 19. Bc5 Rac8 20. Nd4 e5 21. Nb3 a4 22. Nc1 Qb5 23. Be7 Rxd1+ 24. Qxd1 Qc4 25. Bf1 Qxe4 26. Bxa6 Qxb1 27. Bxc8 Nd5 28. Ba3 e4 29. Qe1 Bd4 30. b3 e3 31. f3 axb3 32. axb3 Qa1 33. Qa5 e2+ 34. Kg2 e1=Q 35. Qxe1 Qxa3 36. Kh3 Be3 37. Nd3 Qxb3 38. Nf4 Nxf4+ 39. gxf4 Qd3 40. Bb7 Qf5+ 41. Kg2 Bxf4 42. Bxc6 Qc2+ 43. Kh3 Qxc6 44. Qe4 Qxe4 0-1

[Event "15th Golden Prague Rapid Open"]
[Site "Prague"]
[Date "2019.06.30"]
[Round "6.5"]
[White "Moravek, Jakub"]
[Black "Kiss, Pal"]
[Result "0-1"]
[ECO "B40"]
[WhiteElo "1709"]
[BlackElo "2278"]
[Annotator "NA"]
[PlyCount "42"]
[EventDate "2019.06.30"]
[EventType "swiss"]
[EventCountry "CZE"]
[SourceTitle "playchess.com"]
[Source "ChessBase"]
[SourceQuality "1"]
[TimeControl "720+3"]

1. e4 c5 2. b3 e6 3. Bb2 Nc6 4. Nf3 Nf6 5. Nc3 d5 6. exd5 exd5 7. d4 Bg4 8. dxc5 Bxc5 9. Bd3 O-O 10. O-O Re8 11. Na4 Bd4 12. c3 Be5 13. Re1 Qd6 14. c4 Bxh2+ 15. Kf1 Rxe1+ 16. Kxe1 Re8+ 17. Kf1 Be5 18. Bxe5 Nxe5 19. Be2 Nxf3 20. Bxf3 Qh2 21. g3 Bh3+ 0-1

[Event "15th Golden Prague Rapid Open"]
[Site "Prague"]
[Date "2019.06.30"]
[Round "6.7"]
[White "Kolbusovsky, Petr"]
[Black "Rehak, Martin"]
[Result "0-1"]
[ECO "B23"]
[WhiteElo "1675"]
[BlackElo "2071"]
[Annotator "NA"]
[PlyCount "54"]
[EventDate "2019.06.30"]
[EventType "swiss"]
[EventCountry "CZE"]
[SourceTitle "playchess.com"]
[Source "ChessBase"]
[SourceQuality "1"]
[TimeControl "720+3"]

1. e4 c5 2. Nc3 Nc6 3. f4 g6 4. Nf3 Bg7 5. Bc4 e6 6. O-O Nge7 7. a3 d5 8. exd5 exd5 9. Bb5 O-O 10. Bxc6 Nxc6 11. d3 b6 12. Ne2 Bb7 13. Ng3 f5 14. c3 Kh8 15. Ng5 Qd7 16. Re1 Rae8 17. Bd2 Rxe1+ 18. Qxe1 Re8 19. Qf1 Ba6 20. Re1 Rxe1 21. Bxe1 c4 22. d4 Nxd4 23. cxd4 Bxd4+ 24. Bf2 Bxb2 25. Qd1 d4 26. Qf3 d3 27. Qa8+ Kg7 0-1

[Event "15th Golden Prague Rapid Open"]
[Site "Prague"]
[Date "2019.06.30"]
[Round "6.8"]
[White "Ocelak, Jakub"]
[Black "Kalousek, Zdenek"]
[Result "0-1"]
[ECO "B02"]
[WhiteElo "1701"]
[BlackElo "2005"]
[Annotator "NA"]
[PlyCount "84"]
[EventDate "2019.06.30"]
[EventType "swiss"]
[EventCountry "CZE"]
[SourceTitle "playchess.com"]
[Source "ChessBase"]
[SourceQuality "1"]
[TimeControl "720+3"]

1. e4 Nf6 2. e5 Nd5 3. c4 Nb6 4. c5 Nd5 5. Bc4 e6 6. d4 b6 7. Qc2 Bb7 8. Nf3 bxc5 9. dxc5 Bxc5 10. Bxd5 Bb4+ 11. Bd2 Bxd2+ 12. Nbxd2 Bxd5 13. O-O O-O 14. Rac1 c6 15. a3 f6 16. b4 fxe5 17. Kh1 Qf6 18. Ne4 Qg6 19. Ned2 Qxc2 20. Rxc2 d6 21. Ng5 Na6 22. Nge4 Rad8 23. Rd1 Nc7 24. a4 Ne8 25. b5 cxb5 26. axb5 Rb8 27. Rb2 Rb6 28. Ra1 Nf6 29. Nc3 Rf7 30. Nxd5 exd5 31. Ra6 Rfb7 32. Rxb6 Rxb6 33. Ra2 Rxb5 34. Rxa7 Rb2 35. Nf1 Rxf2 36. Kg1 Ne4 37. Ne3 Re2 38. Nf1 d4 39. Ra1 d3 40. Ng3 Nxg3 41. hxg3 d2 42. Kf1 Re1+ 0-1

[Event "15th Golden Prague Rapid Open"]
[Site "Prague"]
[Date "2019.06.30"]
[Round "6.9"]
[White "Plesnivy, Martin"]
[Black "Barton, Milan"]
[Result "0-1"]
[ECO "D46"]
[WhiteElo "1803"]
[BlackElo "1763"]
[Annotator "NA"]
[PlyCount "96"]
[EventDate "2019.06.30"]
[EventType "swiss"]
[EventCountry "CZE"]
[SourceTitle "playchess.com"]
[Source "ChessBase"]
[SourceQuality "1"]
[TimeControl "720+3"]

1. d4 d5 2. Nf3 e6 3. c4 c6 4. e3 Nf6 5. Nc3 Nbd7 6. Bd3 Qa5 7. O-O Qc7 8. e4 dxe4 9. Nxe4 Nxe4 10. Bxe4 Nf6 11. Bc2 Be7 12. Qd3 h6 13. g3 b6 14. Bf4 Qd8 15. Ne5 Bb7 16. Ba4 O-O 17. Bxc6 Bxc6 18. Nxc6 Qd7 19. Ne5 Qb7 20. Qf3 Qxf3 21. Nxf3 Rac8 22. Rac1 Ne4 23. Rfd1 Rfd8 24. Kg2 f6 25. Re1 f5 26. Be3 g5 27. Ne5 Bb4 28. Red1 Kg7 29. f3 Nf6 30. Rh1 Nd7 31. Nd3 Be7 32. h4 Bf6 33. hxg5 hxg5 34. Rh5 Kg6 35. Rh2 Nf8 36. Ne5+ Kg7 37. f4 g4 38. b3 Ng6 39. Rch1 Rh8 40. Rxh8 Nxh8 41. Rd1 Nf7 42. Nxf7 Kxf7 43. d5 Ke7 44. dxe6 Kxe6 45. Bc1 Bc3 46. Ba3 Rc6 47. Rd8 Bf6 48. Kf2 Bxd8 0-1

[Event "15th Golden Prague Rapid Open"]
[Site "Prague"]
[Date "2019.06.30"]
[Round "6.10"]
[White "Harasta, Frantisek"]
[Black "Franc, Lubor"]
[Result "1/2-1/2"]
[ECO "A16"]
[WhiteElo "1567"]
[BlackElo "1788"]
[Annotator "NA"]
[PlyCount "84"]
[EventDate "2019.06.30"]
[EventType "swiss"]
[EventCountry "CZE"]
[SourceTitle "playchess.com"]
[Source "ChessBase"]
[SourceQuality "1"]
[TimeControl "720+3"]

1. c4 Nf6 2. Nc3 g6 3. g3 Bg7 4. Bg2 c6 5. Nf3 d6 6. O-O O-O 7. d3 Bd7 8. Bd2 Qc8 9. Qc1 Bh3 10. Bh6 Bxg2 11. Kxg2 Nbd7 12. h4 Ne5 13. Nxe5 dxe5 14. Qg5 Qf5 15. Qxf5 gxf5 16. Bxg7 Kxg7 17. b4 Rfd8 18. a4 e4 19. dxe4 Nxe4 20. Nxe4 fxe4 21. Rfd1 f5 22. Kf1 e5 23. Ke1 h5 24. Ra2 Rxd1+ 25. Kxd1 Rd8+ 26. Rd2 Rd4 27. f4 exf3 28. exf3 b6 29. Ke2 c5 30. bxc5 bxc5 31. Rb2 Rxc4 32. Rb7+ Kf6 33. Rxa7 Ke6 34. a5 Ra4 35. a6 Kd5 36. Rd7+ Kc6 37. Rf7 Rxa6 38. Rxf5 Kd5 39. f4 Ra2+ 40. Ke3 Ra3+ 41. Kf2 Ra2+ 42. Ke3 Ra3+ 1/2-1/2

[Event "15th Golden Prague Rapid Open"]
[Site "Prague"]
[Date "2019.06.30"]
[Round "7.1"]
[White "Jirovsky, Pavel"]
[Black "Nedoma, Marek"]
[Result "1/2-1/2"]
[ECO "E18"]
[WhiteElo "2322"]
[BlackElo "1984"]
[Annotator "NA"]
[PlyCount "131"]
[EventDate "2019.06.30"]
[EventType "swiss"]
[EventCountry "CZE"]
[SourceTitle "playchess.com"]
[Source "ChessBase"]
[SourceQuality "1"]
[TimeControl "720+3"]

1. d4 Nf6 2. Nf3 e6 3. g3 d5 4. Bg2 Be7 5. O-O O-O 6. c4 b6 7. cxd5 exd5 8. Nc3 Bb7 9. Bf4 Bd6 10. Be5 Bxe5 11. dxe5 Ne4 12. Nxe4 dxe4 13. Qxd8 Rxd8 14. Ng5 Nd7 15. Nxe4 Nxe5 16. Rfd1 Bxe4 17. Bxe4 Rab8 18. f4 Ng4 19. Bf3 Ne3 20. Rxd8+ Rxd8 21. b3 c5 22. Kf2 Nd1+ 23. Ke1 Ne3 24. Rc1 Kf8 25. Rc3 Nf5 26. e3 Ke7 27. Ke2 h6 28. g4 Nd6 29. Rd3 c4 30. bxc4 Nxc4 31. Rxd8 Kxd8 32. Kd3 Nd6 33. Kd4 Kd7 34. Be2 Nc8 35. e4 Ne7 36. Bb5+ Kd6 37. e5+ Kc7 38. f5 f6 39. h3 Kb7 40. Be8 Kc7 41. Ke4 a6 42. h4 b5 43. Kd4 Kd8 44. exf6 Kxe8 45. fxe7 Kxe7 46. g5 hxg5 47. hxg5 Kd6 48. Ke4 a5 49. Kd4 b4 50. Kc4 Ke5 51. f6 gxf6 52. gxf6 Kxf6 53. Kb5 Ke5 54. Kxa5 Kd6 55. Kxb4 Kc6 56. Ka5 Kb7 57. Kb5 Ka7 58. Kc6 Kb8 59. Kb6 Ka8 60. a4 Kb8 61. Ka6 Ka8 62. a5 Kb8 63. Kb6 Ka8 64. a6 Kb8 65. a7+ Ka8 66. Ka6 1/2-1/2

[Event "15th Golden Prague Rapid Open"]
[Site "Prague"]
[Date "2019.06.30"]
[Round "7.2"]
[White "Kiss, Pal"]
[Black "Rydl, Jiri"]
[Result "0-1"]
[ECO "D46"]
[WhiteElo "2278"]
[BlackElo "2422"]
[Annotator "NA"]
[PlyCount "88"]
[EventDate "2019.06.30"]
[EventType "swiss"]
[EventCountry "CZE"]
[SourceTitle "playchess.com"]
[Source "ChessBase"]
[SourceQuality "1"]
[TimeControl "720+3"]

1. d4 Nf6 2. c4 c6 3. Nc3 d5 4. e3 e6 5. Nf3 Nbd7 6. Qc2 Bd6 7. Bd3 O-O 8. O-O h6 9. b3 b6 10. Bb2 Bb7 11. Rad1 Qc7 12. Rfe1 Rad8 13. h3 Rfe8 14. e4 dxc4 15. bxc4 e5 16. c5 Bf8 17. dxe5 Nh5 18. cxb6 axb6 19. Nb5 Qb8 20. Nd6 Nxe5 21. Nxe5 Bxd6 22. Nxc6 Bxc6 23. Qxc6 Rc8 24. Qb5 Bc5 25. Bf1 Qf4 26. Qe2 Rxe4 27. Qf3 Qxf3 28. gxf3 Rxe1 29. Rxe1 Nf4 30. Be5 Ng6 31. Bg3 Bd4 32. Bd3 Rc3 33. Bxg6 fxg6 34. Kg2 Rc2 35. a4 g5 36. Re4 Bc5 37. f4 gxf4 38. Rxf4 Ra2 39. Rc4 Kf7 40. h4 Ke6 41. h5 Kd5 42. Rg4 Bd4 43. Kf3 Rxa4 44. Bf4 Be5 0-1

[Event "15th Golden Prague Rapid Open"]
[Site "Prague"]
[Date "2019.06.30"]
[Round "7.3"]
[White "Netusil, Miloslav"]
[Black "Ralis, Petr"]
[Result "0-1"]
[ECO "E94"]
[WhiteElo "2189"]
[BlackElo "2207"]
[Annotator "NA"]
[PlyCount "104"]
[EventDate "2019.06.30"]
[EventType "swiss"]
[EventCountry "CZE"]
[SourceTitle "playchess.com"]
[Source "ChessBase"]
[SourceQuality "1"]
[TimeControl "720+3"]

1. d4 Nf6 2. c4 d6 3. Nc3 g6 4. e4 Bg7 5. Be2 Nbd7 6. Nf3 e5 7. O-O exd4 8. Nxd4 O-O 9. f3 c6 10. Be3 Re8 11. Qd2 Nb6 12. Rad1 d5 13. cxd5 cxd5 14. Nb3 Be6 15. Bb5 Rf8 16. Bc5 Qc7 17. Bxf8 Kxf8 18. Nd4 Rd8 19. Nxe6+ fxe6 20. Qf2 Nh5 21. Rc1 d4 22. Na4 Qe5 23. Nc5 Nf4 24. Nd3 Nh3+ 25. gxh3 Qxb5 26. Rcd1 Nc4 27. f4 Ne3 28. f5 Nxd1 29. Qh4 Ke8 30. f6 Bf8 31. Rxd1 Qh5 32. Qxh5 gxh5 33. Rc1 Kf7 34. e5 Kg6 35. Kf2 Kf5 36. Ke2 Ke4 37. Rc7 b6 38. h4 Bh6 39. Rc6 Rg8 40. Rxe6 Rg2+ 41. Kf1 Rxh2 42. f7 Bf8 43. Nf2+ Ke3 44. Nd1+ Kd2 45. Re8 Bc5 46. e6 Rxh4 47. Nf2 Rf4 48. Rd8 Ke3 49. b4 Rxf2+ 50. Kg1 Bxb4 51. Rd7 Rf6 52. Rxa7 Rxe6 0-1

[Event "15th Golden Prague Rapid Open"]
[Site "Prague"]
[Date "2019.06.30"]
[Round "7.4"]
[White "Rehak, Martin"]
[Black "Burdik, Lubomir"]
[Result "1/2-1/2"]
[ECO "B12"]
[WhiteElo "2071"]
[BlackElo "2132"]
[Annotator "NA"]
[PlyCount "20"]
[EventDate "2019.06.30"]
[EventType "swiss"]
[EventCountry "CZE"]
[SourceTitle "playchess.com"]
[Source "ChessBase"]
[SourceQuality "1"]
[TimeControl "720+3"]

1. e4 c6 2. d4 d5 3. e5 c5 4. Nf3 Bg4 5. dxc5 Nc6 6. c3 e6 7. Be3 Bxf3 8. Qxf3 Nxe5 9. Bb5+ Nc6 10. Nd2 Nf6 1/2-1/2

[Event "15th Golden Prague Rapid Open"]
[Site "Prague"]
[Date "2019.06.30"]
[Round "7.5"]
[White "Benes, Petr"]
[Black "Plicka, Petr"]
[Result "1-0"]
[ECO "D74"]
[WhiteElo "2103"]
[BlackElo "1781"]
[Annotator "NA"]
[PlyCount "63"]
[EventDate "2019.06.30"]
[EventType "swiss"]
[EventCountry "CZE"]
[SourceTitle "playchess.com"]
[Source "ChessBase"]
[SourceQuality "1"]
[TimeControl "720+3"]

1. g3 Nf6 2. Bg2 d5 3. Nf3 g6 4. O-O Bg7 5. c4 O-O 6. cxd5 Nxd5 7. d4 c6 8. e4 Nf6 9. Nc3 Na6 10. h3 Qb6 11. a3 Be6 12. b4 Rad8 13. Be3 Qc7 14. Bf4 Qc8 15. Kh2 Bc4 16. Re1 Nh5 17. Be3 e5 18. Rc1 exd4 19. Nxd4 b5 20. g4 Qc7+ 21. Kh1 Nf4 22. Bf1 Bxf1 23. Rxf1 Qe5 24. Qf3 Nd3 25. Nxc6 Qe8 26. Nxd8 Nxc1 27. Rxc1 Qxd8 28. Nd5 Qd7 29. Qf4 Qe6 30. Rc6 Be5 31. Rxe6 Bxf4 32. Rxa6 1-0

[Event "15th Golden Prague Rapid Open"]
[Site "Prague"]
[Date "2019.06.30"]
[Round "7.6"]
[White "Hozda, Max"]
[Black "Kalousek, Zdenek"]
[Result "0-1"]
[ECO "D93"]
[WhiteElo "1695"]
[BlackElo "2005"]
[Annotator "NA"]
[PlyCount "64"]
[EventDate "2019.06.30"]
[EventType "swiss"]
[EventCountry "CZE"]
[SourceTitle "playchess.com"]
[Source "ChessBase"]
[SourceQuality "1"]
[TimeControl "720+3"]

1. d4 Nf6 2. c4 g6 3. Nc3 d5 4. Nf3 c6 5. Bf4 Bg7 6. e3 O-O 7. Bd3 dxc4 8. Bxc4 Nd5 9. Bg3 Bg4 10. O-O Nb6 11. Bb3 N8d7 12. h3 Bxf3 13. Qxf3 e5 14. dxe5 Nxe5 15. Bxe5 Bxe5 16. Rad1 Qf6 17. Qxf6 Bxf6 18. Rd3 Rfd8 19. Rfd1 Rxd3 20. Rxd3 Kf8 21. Rd2 a5 22. a4 Bxc3 23. bxc3 Ke7 24. Kf1 f6 25. Ke2 Nd7 26. Rd4 Nc5 27. Bc2 b5 28. f3 Rb8 29. axb5 cxb5 30. Kd2 Ne6 31. Rd5 Nc7 32. Rc5 Kd6 0-1

[Event "15th Golden Prague Rapid Open"]
[Site "Prague"]
[Date "2019.06.30"]
[Round "7.7"]
[White "Barton, Milan"]
[Black "Groh, Jiri"]
[Result "0-1"]
[ECO "B39"]
[WhiteElo "1763"]
[BlackElo "2001"]
[Annotator "NA"]
[PlyCount "102"]
[EventDate "2019.06.30"]
[EventType "swiss"]
[EventCountry "CZE"]
[SourceTitle "playchess.com"]
[Source "ChessBase"]
[SourceQuality "1"]
[TimeControl "720+3"]

1. e4 c5 2. Nf3 Nc6 3. d4 cxd4 4. Nxd4 g6 5. c4 Bg7 6. Be3 Nf6 7. Nc3 Ng4 8. Qxg4 Nxd4 9. Qd1 e5 10. Be2 O-O 11. O-O d6 12. Nd5 Be6 13. Bd3 Rc8 14. b3 b6 15. f4 Bxd5 16. cxd5 Rc5 17. f5 Qe7 18. fxg6 hxg6 19. g3 Rfc8 20. Bd2 Qd7 21. b4 R5c7 22. Ba6 Rf8 23. Kg2 b5 24. a4 bxa4 25. Qxa4 Qg4 26. Bd3 Rfc8 27. h3 Qd7 28. Qxd7 Rxd7 29. Rfd1 Rb8 30. Ra6 Nb3 31. Be3 Rxb4 32. Rxa7 Rxa7 33. Bxa7 Nd4 34. Bxd4 Rxd4 35. Kf3 Bh6 36. h4 f5 37. Ke2 fxe4 38. Bb1 Rb4 39. g4 Bf4 40. h5 gxh5 41. gxh5 Kh7 42. Ke1 Kh6 43. Ba2 e3 44. Rb1 Ra4 45. Bb3 Ra6 46. Ke2 Kxh5 47. Rh1+ Kg4 48. Rg1+ Kf5 49. Bc2+ e4 50. Rg8 Ra2 51. Rf8+ Ke5 0-1

[Event "15th Golden Prague Rapid Open"]
[Site "Prague"]
[Date "2019.06.30"]
[Round "7.8"]
[White "Feierfeil, Jiri"]
[Black "Vavrinec, Tomas"]
[Result "0-1"]
[ECO "D32"]
[WhiteElo "1772"]
[BlackElo "1994"]
[Annotator "NA"]
[PlyCount "116"]
[EventDate "2019.06.30"]
[EventType "swiss"]
[EventCountry "CZE"]
[SourceTitle "playchess.com"]
[Source "ChessBase"]
[SourceQuality "1"]
[TimeControl "720+3"]

1. d4 e6 2. c4 d5 3. e3 Nf6 4. Nc3 c5 5. Nf3 Nc6 6. cxd5 exd5 7. Bb5 Bg4 8. O-O Rc8 9. h3 Bh5 10. Bd2 Be7 11. Be2 O-O 12. a3 c4 13. Nh2 Bxe2 14. Qxe2 Na5 15. Rab1 Nb3 16. Ng4 Re8 17. Nxf6+ Bxf6 18. Qd1 a6 19. Ne2 b5 20. Nc1 Nxc1 21. Qxc1 a5 22. Bc3 Qb6 23. Qd2 Ra8 24. Rfc1 Reb8 25. b4 axb4 26. Bxb4 Ra4 27. Qc2 Qa6 28. Qf5 Qe6 29. Qf4 Rb7 30. Rc3 g6 31. g4 Kg7 32. Bc5 Bd8 33. Qf3 Bc7 34. Re1 Bd6 35. Rd1 b4 36. axb4 Ra2 37. Rxc4 dxc4 38. Qxb7 Bxc5 39. bxc5 c3 40. Rc1 Rb2 41. Qg2 c2 42. Qf1 Qb3 43. Kg2 Rb1 44. Kg3 Qb2 45. Rxb1 cxb1=Q 46. Qg2 Qb8+ 47. Kh4 Qd8+ 48. g5 Qf5 49. f4 h6 50. c6 hxg5+ 51. fxg5 Qc7 52. d5 Qd6 53. e4 Qfe5 54. Qf3 f6 55. gxf6+ Qdxf6+ 56. Qxf6+ Kxf6 57. Kg4 Qxe4+ 58. Kg3 Qxd5 0-1

[Event "15th Golden Prague Rapid Open"]
[Site "Prague"]
[Date "2019.06.30"]
[Round "7.9"]
[White "Franc, Lubor"]
[Black "Moravek, Jakub"]
[Result "1/2-1/2"]
[ECO "C42"]
[WhiteElo "1788"]
[BlackElo "1709"]
[Annotator "NA"]
[PlyCount "98"]
[EventDate "2019.06.30"]
[EventType "swiss"]
[EventCountry "CZE"]
[SourceTitle "playchess.com"]
[Source "ChessBase"]
[SourceQuality "1"]
[TimeControl "720+3"]

1. e4 e5 2. Nf3 Nf6 3. Nc3 Bb4 4. d3 Nc6 5. Bd2 d6 6. h3 O-O 7. a3 Bc5 8. Na4 Bb6 9. Nxb6 axb6 10. Be2 Be6 11. O-O h6 12. c3 d5 13. Qc2 dxe4 14. dxe4 Qe7 15. Rad1 Rfd8 16. Bb5 Bd7 17. Nh2 Qc5 18. Bd3 Be6 19. Be3 Qe7 20. f3 Na5 21. Qe2 Bb3 22. Bc2 Bc4 23. Bd3 Bb3 24. Bc2 Bc4 25. Bd3 Bb3 26. Rd2 c5 27. Rc1 c4 28. Bc2 Rxd2 29. Bxd2 Rd8 30. Be3 Rd6 31. Rd1 Qd7 32. Bxb3 Nxb3 33. Rxd6 Qxd6 34. Qxc4 Qd1+ 35. Nf1 Qc2 36. Qc8+ Kh7 37. Qxb7 Qxb2 38. Qxb6 Qxc3 39. a4 Nd4 40. a5 Ne2+ 41. Kh2 Qa1 42. a6 Qxf1 43. a7 Qe1 44. Bf2 Qc1 45. a8=Q Qf4+ 46. Kh1 Qc1+ 47. Bg1 Ng3+ 48. Kh2 Nf1+ 49. Kh1 Ng3+ 1/2-1/2